 Dungeon Crawl Stone Soup version 0.22.1-6-g1668fe2c40 (webtiles) character file.

34991 H0rd4k the Cleaver (level 14, -4/111 HPs)
             Began as a Human Artificer on Jan 25, 2019.
             Was an Initiate of Gozag.
             Slain by an eight-headed hydra (14 damage)
             ... on level 4 of the Lair of Beasts.
             The game lasted 01:05:37 (23382 turns).

H0rd4k the Cleaver (Human Artificer)               Turns: 23382, Time: 01:05:39

Health: -4/111     AC: 14    Str: 16    XL:     14   Next: 16%
Magic:  19/19      EV: 15    Int: 14    God:    Gozag
Gold:   3014       SH:  0    Dex: 13    Spells: 19/20 levels left

rFire    . . .     SeeInvis .   M - +4 war axe (elec)
rCold    . . .     Gourm    .   (no shield)
rNeg     . . .     Faith    .   H - +2 ring mail {rPois}
rPois    +         Spirit   .   r - +0 helmet
rElec    .         Reflect  .   n - +0 cloak
rCorr    .         Harm     +   w - +0 pair of gloves
MR       +....                  Y - +0 pair of boots
Stlth    ++........             A - amulet of harm
HPRegen  0.28/turn              q - ring of poison resistance
MPRegen  0.16/turn              c - +2 ring of slaying

@: about to teleport, gold aura
A: no striking features
a: Potion Petition, Call Merchant, Bribe Branch, Renounce Religion


You were on level 4 of the Lair of Beasts.
You worshipped Gozag.
Gozag was most pleased with you.
You were not hungry.

You visited 2 branches of the dungeon, and saw 18 of its levels.

You collected 3996 gold pieces.
You spent 775 gold pieces at shops.
You paid 207 gold pieces to Gozag.

Inventory:

Hand Weapons
 j - a +0 battleaxe
 C - a +4 hand axe
 M - a +4 war axe of electrocution (weapon)
 R - a +0 battleaxe
 U - a +0 war axe of flaming
Missiles
 b - 3 javelins
 s - 2 throwing nets (quivered)
Armour
 n - a +0 cloak (worn)
 r - a +0 helmet (worn)
 w - a +0 pair of gloves (worn)
 H - a +2 ring mail of poison resistance (worn)
 I - a +1 robe of cold resistance
 Y - a +0 pair of boots (worn)
Jewellery
 c - a +2 ring of slaying (right hand)
 o - an uncursed amulet of rage
 q - a ring of poison resistance (left hand)
 A - an amulet of harm (around neck)
 L - an uncursed ring of magical power
 X - a +5 ring of intelligence
Wands
 a - a wand of polymorph (42)
 d - a wand of enslavement (15)
 e - a wand of random effects (12)
 t - a wand of digging (14)
 Q - a wand of iceblast (4)
 Z - a wand of paralysis (18)
Scrolls
 i - 2 scrolls of fog
 k - 8 scrolls of identify
 m - 2 scrolls of brand weapon
 x - 3 scrolls of teleportation
 y - 6 scrolls of remove curse
 J - 3 scrolls of enchant armour
 K - 3 scrolls of magic mapping
Potions
 g - 2 potions of berserk rage
 h - a potion of cancellation
 l - 4 potions of ambrosia
 p - 5 potions of degeneration {unknown}
 u - 4 potions of flight
 B - a potion of heal wounds
 D - 8 potions of curing
 E - 2 potions of might {unknown}
 F - 3 potions of magic
 G - 8 potions of brilliance
 N - 2 potions of invisibility
 P - 3 potions of lignification
 T - 2 potions of haste
 V - 2 potions of resistance
 W - a potion of agility
Miscellaneous
 S - a lightning rod (4/4)
Comestibles
 f - 22 rations


   Skills:
 + Level 10.4 Fighting
   Level 3.9 Short Blades
 + Level 14.3 Axes
 + Level 1.2 Throwing
 + Level 8.8 Armour
 + Level 7.6 Dodging
 + Level 5.7 Stealth
 + Level 3.6 Spellcasting
 + Level 4.0 Hexes
 + Level 4.7 Evocations


You had 19 spell levels left.
You knew the following spells:

 Your Spells              Type           Power        Failure   Level  Hunger
a - Corona                Hex            ##.....      6%          1    None

Your spell library contained the following spells:

 Spells                   Type           Power        Failure   Level  Hunger
 Slow                     Hex            ##......     10%         2    ##.....
 Confuse                  Hex            ##......     19%         3    ###....
 Tukima's Dance           Hex            ##......     19%         3    ###....
 Ensorcelled Hibernation  Hex/Ice        #.....       22%         2    ##.....
 Apportation              Tloc           #.....       34%         1    None
 Freeze                   Ice            #...         34%         1    None
 Sting                    Conj/Pois      #...         34%         1    None
 Summon Butterflies       Summ           #.......     34%         1    None
 Dazzling Spray           Conj/Hex       #.....       41%         3    ###....
 Inner Flame              Hex/Fire       #.......     41%         3    ###....
 Portal Projectile        Hex/Tloc       #.....       41%         3    ###....
 Corpse Rot               Necr           N/A          45%         2    ##.....
 Poisonous Vapours        Pois/Air       #.....       45%         2    ##.....
 Sublimation of Blood     Necr           #.........   45%         2    ##.....
 Throw Frost              Conj/Ice       #.....       45%         2    ##.....
 Cause Fear               Hex            ##........   54%         4    ####...
 Lesser Beckoning         Tloc           #.........   71%         3    ###....
 Mephitic Cloud           Conj/Pois/Air  #.......     71%         3    ###....
 Ozocubu's Armour         Chrm/Ice       #.......     71%         3    ###....
 Leda's Liquefaction      Hex/Erth       #.........   83%         4    ####...
 Olgreb's Toxic Radiance  Pois           #.......     98%         4    ####...
 Summon Ice Beast         Ice/Summ       #.......     98%         4    ####...
 Throw Icicle             Conj/Ice       #.......     98%         4    ####...
 Silence                  Hex/Air        #.........   99%         5    ######.
 Agony                    Necr           #.......     100%        5    ######.
 Alistair's Intoxication  Tmut/Pois      #.......     100%        5    ######.
 Bolt of Draining         Conj/Necr      #.........   100%        5    ######.
 Borgnjor's Vile Clutch   Necr/Erth      #.........   100%        5    ######.
 Dispel Undead            Necr           #.......     100%        5    ######.
 Excruciating Wounds      Chrm/Necr      #.........   100%        5    ######.
 Venom Bolt               Conj/Pois      #.........   100%        5    ######.
 Darkness                 Hex            ##........   100%        6    #######
 Invisibility             Hex            ##......     100%        6    #######
 Shadow Creatures         Summ           N/A          100%        6    #######


Dungeon Overview and Level Annotations

Branches:
Dungeon (13/15)            Temple (0/1) D:7            Lair (5/6) D:9
 Shoals (0/4) Lair:4       Spider (0/4) Lair:2          Orc (0/2) D:12
  Slime: Lair:5-6    Vaults: D:13-14

Altars:
Elyvilon
Fedhas
Gozag
Hepliaklqana
Okawaru
Qazlal
Ru
Uskayaw
Xom
The Shining One

Shops:
D:5 %?}(

Annotations:
D:1 exclusion: 2 downstairs
D:2 exclusion: 2 downstairs
D:3 exclusion: ogre
D:5 exclusion: downstairs
D:8 exclusion: downstairs
D:9 2 runed doors, exclusion: downstairs, Adamkad1's ghost, novice OgTm
D:12 exclusion: downstairs
Lair:2 exclusion: 4 oklob plants


Message History

The eight-headed hydra bites you but does no damage. x2
The eight-headed hydra bites you.
* * * LOW HITPOINT WARNING * * *
The eight-headed hydra bites you.
* * * LOW HITPOINT WARNING * * *
The wyvern misses you.
You slash the wyvern! Lightning courses through the wyvern!
You kill the wyvern!
You barely miss the eight-headed hydra. You hit the wyvern.
Lightning courses through the wyvern!
You kill the wyvern!
The eight-headed hydra closely misses you.
The eight-headed hydra misses you. The eight-headed hydra bites you.
* * * LOW HITPOINT WARNING * * *
The eight-headed hydra barely misses you.
The eight-headed hydra misses you.
The eight-headed hydra closely misses you.
The eight-headed hydra misses you. The eight-headed hydra bites you!
You die...
Your body crumbles into a pile of gold.

##
##......>......#
.##
###.###.#######
>.# ####...# ..#
##.###### .##
#..P##..## .#
#........# .#
#####.#..# ##
###D## # ##@#
#$$## ##..#
#..P# ##.## #..#
### #..# ..####
##.# .....# #.##


You could see an eight-headed hydra.

Vanquished Creatures
  3 hydras
  5 two-headed ogres
  2 necromancers
  A wolf spider zombie (D:13)
  A deep elf mage (D:13)
  2 ugly things
  A manticore (D:12)
  4 merfolk sirens (Lair:4)
  A black mamba (Lair:1)
  Maurice (D:13)
  5 elephants (Lair:2)
  A gargoyle (D:10)
  3 spiny frogs
  A kobold demonologist (D:13)
  A komodo dragon (Lair:1)
  3 rime drakes
  5 trolls
  A hornet (D:10)
  4 blink frogs
  Prince Ribbit (D:5)
  5 hippogriffs
  A vampire (D:12)
  Sigmund (D:4)
  9 wyverns
  2 wraiths
  27 yaks
  Grum (D:11)
  7 basilisks
  9 humans
  4 hogs (D:7)
  2 hungry ghosts
  5 water moccasins
  2 porcupines
  3 black bears
  4 orc warriors
  4 ice beasts
  An eye of draining (D:10)
  A phantom (D:11)
  2 sky beasts
  8 ogres
  8 centaurs
  12 wolves
  9 crocodiles
  12 bullfrogs
  6 scorpions
  A water moccasin skeleton (D:10)
  4 wights (D:8)
  4 howler monkeys
  5 crimson imps
  2 hounds
  A quasit (D:8)
  2 bullfrog zombies (D:6)
  2 jellies
  6 orc priests
  5 bullfrog skeletons
  7 orc wizards
  Jessica (D:2)
  6 centaur skeletons
  3 iguanas
  6 worker ants
  A hound skeleton (D:7)
  3 worker ant zombies
  Robin (D:1)
  7 adders
  11 gnolls
  4 shadow imps
  2 oozes
  An adder zombie (D:8)
  4 adder skeletons
  A worm (D:2)
  3 dart slugs
  4 leopard geckos
  43 orcs
  A ball python (D:2)
  4 giant cockroaches
  23 goblins
  15 hobgoblins
  19 jackals
  3 quokkas
  10 bats
  9 frilled lizards
  8 kobolds
  A leopard gecko zombie (D:5)
  A quokka skeleton (D:5)
  6 rats
  3 fungi
  A plant (Lair:5)
435 creatures vanquished.

Vanquished Creatures (others)
  2 fungi
  3 plants
5 creatures vanquished.

Grand Total: 440 creatures vanquished

Notes
Turn   | Place    | Note
-------+----------+-------------------------------------------
     0 | D:1      | H0rd4k the Human Artificer began the quest for the Orb.
     0 | D:1      | Reached XP level 1. HP: 15/15 MP: 3/3
    42 | D:1      | Reached XP level 2. HP: 12/21 MP: 4/4
   491 | D:1      | Reached XP level 3. HP: 10/26 MP: 5/5
   855 | D:1      | Reached skill level 1 in Armour
  1238 | D:2      | Noticed Robin
  1244 | D:1      | Killed Robin
  1244 | D:1      | Reached XP level 4. HP: 22/32 MP: 6/6
  1306 | D:2      | Learned a level 1 spell: Corona
  1484 | D:2      | Noticed Jessica
  1501 | D:2      | Killed Jessica
  1560 | D:2      | Reached XP level 5. HP: 22/37 MP: 7/7
  2513 | D:3      | Noticed Sigmund
  2929 | D:3      | Reached skill level 1 in Spellcasting
  3136 | D:3      | Reached skill level 1 in Hexes
  3136 | D:3      | Reached XP level 6. HP: 27/44 MP: 8/8
  3300 | D:4      | Noticed an ogre
  4430 | D:4      | Noticed an ogre
  4432 | D:4      | Reached XP level 7. HP: 43/50 MP: 9/9
  4642 | D:5      | Entered Level 5 of the Dungeon
  4642 | D:5      | Found Oxypruur's Gadget Shoppe.
  4711 | D:5      | Reached skill level 1 in Axes
  4730 | D:5      | Found Ikug's Antique Weapon Shoppe.
  4756 | D:5      | Reached XP level 8. HP: 45/57 MP: 11/11
  4904 | D:5      | Found Dorurr's Food Shop.
  4987 | D:5      | Reached skill level 2 in Axes
  5032 | D:5      | Found Osow's Magic Scroll Emporium.
  5038 | D:5      | Bought a scroll of blinking for 82 gold pieces
  5504 | D:4      | Killed Sigmund
  5504 | D:4      | Reached skill level 3 in Axes
  6301 | D:6      | Noticed Prince Ribbit
  6352 | D:5      | Killed Prince Ribbit
  6352 | D:5      | Reached XP level 9. HP: 10/64 MP: 13/13
  6675 | D:6      | Reached skill level 4 in Axes
  6706 | D:6      | HP: 3/64 [orc warrior/stone (1)]
  7145 | D:6      | You fall through a shaft!
  7363 | D:7      | HP: 1/64 [something (7)]
  7731 | D:7      | Reached skill level 5 in Axes
  7759 | D:7      | Got a spiked scale mail
  7770 | D:7      | Identified the +4 scale mail of Inevitability {rF+ rN++
                  | Str-5} (You found it on level 7 of the Dungeon)
  7929 | D:7      | Found a stormy altar of Qazlal.
  7933 | D:7      | Found a hazy altar of Hepliaklqana.
  7934 | D:7      | Found a blossoming altar of Fedhas.
  7934 | D:7      | Found a white marble altar of Elyvilon.
  7936 | D:7      | Found a hide-covered altar of Uskayaw.
  7937 | D:7      | Found an opulent altar of Gozag.
  7939 | D:7      | Found a glowing golden altar of the Shining One.
  7942 | D:7      | Became a worshipper of Gozag Ym Sagoz the Greedy
  8166 | D:7      | Reached skill level 6 in Axes
  8166 | D:7      | Reached skill level 5 in Armour
  8233 | D:7      | Reached XP level 10. HP: 53/72 MP: 15/15
  8358 | D:7      | Found a shimmering altar of Xom.
  8439 | D:7      | Found a staircase to the Ecumenical Temple.
  8666 | D:8      | Found an opulent altar of Gozag.
  8713 | D:8      | Noticed a two-headed ogre
  8723 | D:8      | Killed a two-headed ogre
  8723 | D:8      | Reached skill level 7 in Axes
  9021 | D:8      | Reached skill level 5 in Fighting
  9442 | D:5      | Bought a scroll of remove curse for 33 gold pieces
  9498 | D:5      | Bought a scroll of brand weapon for 220 gold pieces
  9621 | D:6      | Reached skill level 8 in Axes
 10606 | D:9      | Found a large runed door.
 10607 | D:9      | Found a large runed door.
 10607 | D:9      | Found a staircase to the Lair.
 10739 | D:9      | Noticed Adamkad1's ghost (novice OgTm)
 10787 | D:9      | Found a shimmering altar of Xom.
 10818 | D:9      | Noticed a two-headed ogre
 10829 | D:9      | Killed a two-headed ogre
 10829 | D:9      | Reached skill level 9 in Axes
 10829 | D:9      | Reached XP level 11. HP: 8/81 MP: 16/16
 11431 | D:9      | You fall through a shaft for 2 floors!
 11462 | D:10     | Entered Level 10 of the Dungeon
 11848 | D:9      | Found a sacrificial altar of Ru.
 12219 | D:9      | Reached skill level 5 in Dodging
 12786 | D:10     | Reached skill level 10 in Axes
 13003 | D:10     | Reached skill level 1 in Throwing
 13184 | D:11     | Noticed a two-headed ogre
 13189 | D:11     | Killed a two-headed ogre
 13256 | D:11     | Reached skill level 5 in Stealth
 14045 | D:11     | Reached XP level 12. HP: 91/91 MP: 17/17
 14066 | D:11     | Noticed a two-headed ogre
 14085 | D:11     | Killed a two-headed ogre
 14085 | D:11     | Reached skill level 11 in Axes
 14410 | D:11     | Noticed Grum
 14428 | D:11     | Killed Grum
 15331 | D:12     | Found a staircase to the Orcish Mines.
 15720 | D:12     | Noticed a two-headed ogre
 15727 | D:12     | Killed a two-headed ogre
 15913 | D:13     | Noticed Maurice
 15916 | D:13     | Killed Maurice
 15969 | D:13     | Reached skill level 12 in Axes
 16861 | D:13     | Reached XP level 13. HP: 84/100 MP: 18/18
 16871 | D:13     | Paralysed by a wizard for 4 turns
 17240 | D:13     | Paralysed by a wizard for 5 turns
 17452 | D:5      | Bought a lightning rod (4/4) for 440 gold pieces
 17581 | Lair:1   | Entered Level 1 of the Lair of Beasts
 18726 | Lair:1   | Noticed a five-headed hydra
 18741 | Lair:1   | Killed a one-headed hydra
 18808 | Lair:1   | Reached skill level 13 in Axes
 18809 | Lair:1   | Found an iron altar of Okawaru.
 19402 | Lair:2   | Noticed an eight-headed hydra
 19421 | Lair:2   | Killed a four-headed hydra
 19849 | Lair:2   | Found a hole to the Spider Nest.
 20910 | Lair:3   | Reached skill level 10 in Fighting
 21724 | Lair:4   | Found a staircase to the Shoals.
 21728 | Lair:4   | Noticed a five-headed hydra
 21737 | Lair:4   | Reached skill level 14 in Axes
 22259 | Lair:4   | Killed a four-headed hydra
 22259 | Lair:4   | Reached XP level 14. HP: 110/110 MP: 19/19
 23382 | Lair:4   | Slain by an eight-headed hydra

Skill      XL: |  1  2  3  4  5  6  7  8  9 10 11 12 13 |
---------------+----------------------------------------+-----
Armour         | 1 2 3 5 6 7 8 |  8.8
Short Blades   | 2 3 |  3.9
Spellcasting   | 1 2 3 |  3.6
Hexes          | 1 2 3 4 |  4.0
Fighting       | 2 3 4 5 7 8 10 | 10.4
Evocations     | 4 |  4.7
Axes           | 1 3 6 9 10 12 14 | 14.3
Dodging        | 3 4 5 6 7 |  7.6
Stealth        | 2 4 5 |  5.7
Throwing       | 1 |  1.2

Action                   |  1- 3 |  4- 6 |  7- 9 | 10-12 | 13-15 || total
-------------------------+-------+-------+-------+-------+-------++-------
Melee: Short sword       |   115 |   290 |       |       |       ||   405
       War axe           |       |     3 |   232 |   489 |   317 ||  1041
       Battleaxe         |       |       |       |    23 |       ||    23
       Hand axe          |       |       |       |       |     5 ||     5
Throw: Javelin           |       |       |       |     9 |       ||     9
       Tomahawk          |       |       |       |     1 |       ||     1
       Throwing net      |       |       |       |     1 |     1 ||     2
Evoke: Wand              |     5 |    25 |     6 |    14 |     5 ||    55
  Use: Scroll            |       |     2 |     5 |    27 |     6 ||    40
       Potion            |       |       |       |       |     2 ||     2
 Stab: Sleeping          |     1 |     2 |     1 |     8 |     4 ||    16
       Distracted        |     1 |     1 |       |     3 |     2 ||     7
  Eat: Chunk             |     1 |     7 |     4 |       |       ||    12
       Ration            |       |     1 |     2 |     9 |     6 ||    18
Armor: Leather armour    |    21 |    77 |     3 |    97 |       ||   198
       Ring mail         |       |       |    86 |    62 |   113 ||   261
Dodge: Dodged            |    69 |   165 |   172 |   366 |   206 ||   978
